 Dungeon Crawl Stone Soup version 0.21-a0-221-gfe971b9 (webtiles) character file.

4 tidbits the Magician (level 1, -3/16 HPs)
             Began as a Demigod Wanderer on Aug 26, 2017.
             Killed by nerve-wracking pain
             ... invoked by Jessica
              (6 damage)
             ... on level 2 of the Dungeon.
             The game lasted 00:01:48 (214 turns).

tidbits the Magician (Demigod Wanderer)              Turns: 214, Time: 00:01:49

Health: -3/16      AC:  3    Str: 13    XL:     1   Next: 46%
Magic:  6/6        EV: 11    Int: 17    God:
Gold:   28         SH:  0    Dex: 16    Spells: 5/5 levels left

rFire    . . .     SeeInvis .   e - +0 dagger
rCold    . . .     Gourm    .   (no shield)
rNeg     . . .     Faith    .   B - +0 leather armour
rPois    .         Spirit   .   (no helmet)
rElec    .         Reflect  .   (no cloak)
rCorr    .         Harm     .   (no gloves)
MR       .....                  (no boots)
Stlth    ++........             (no amulet)
HPRegen  0.05/turn              (no ring)
MPRegen  0.10/turn              (no ring)

@: no status effects
A: high mp 1
a: no special abilities


You were on level 2 of the Dungeon.
You were not hungry.

You visited 1 branch of the dungeon, and saw 2 of its levels.

You collected 28 gold pieces.

Inventory:

Hand Weapons
 e - a +0 dagger (weapon)
 g - a +0 spear
Missiles
 h - 19 stones
 i - 3 javelins (quivered)
 j - 19 bolts
 m - 22 arrows
 o - 2 tomahawks
Armour
 d - a +0 robe
 B - a +0 leather armour (worn)
Scrolls
 c - 2 scrolls of teleportation
 l - a scroll of recharging {unknown}
 n - a scroll of fog {unknown}
 q - a scroll of identify {unknown}
Potions
 b - 2 potions of curing
Books
 a - a book of Minor Magic

   Spells                             Type                      Level
   a - Magic Dart                     Conjuration                  1
   b - Blink                          Translocation                2
   c - Call Imp                       Summoning                    2
   d - Slow                           Hexes                        2
   e - Conjure Flame                  Conjuration/Fire             3
   f - Mephitic Cloud                 Conjuration/Poison/Air       3
Comestibles
 f - a bread ration
 k - a meat ration
 p - a chunk of flesh


   Skills:
 + Level 1.3 Fighting
 - Level 1.0 Short Blades
 + Level 0.5 Dodging
 - Level 1.0 Stealth
   Level 1.0 Shields
 - Level 2.6 Spellcasting
   Level 1.7 Summonings
   Level 1.0 Evocations


You had 5 spell levels left.
You didn't know any spells.

Dungeon Overview and Level Annotations

Branches:
Dungeon (2/15)

Annotations:
D:2 Jessica


Innate Abilities, Weirdness & Mutations

You have an increased reservoir of magic. (+10% MP)


Message History

You see here 2 tomahawks.
o - 2 tomahawks Throwing (i - inventory. (,) - cycle):
i - 7 javelins (quivered)
Press: ? - help, Shift-Dir - straight line, f - bat
Aim: a bat You throw a javelin.
The javelin misses the bat.
The bat closely misses you. The bat hits you but does no damage.
The bat hits you but does no damage. The bat barely misses you.
The bat closely misses you. The bat barely misses you.
The bat barely misses you.
Found a scroll labeled IWY NOLOINIPURCH.
Throwing (i - inventory. (,) - cycle):
i - 6 javelins (quivered)
Press: ? - help, Shift-Dir - straight line, f/p - bat
Aim: a bat You throw a javelin.
The javelin hits the hobgoblin.
The hobgoblin is moderately wounded.
The hobgoblin hits you.
Throwing (i - inventory. (,) - cycle):
i - 5 javelins (quivered)
Press: ? - help, Shift-Dir - straight line, f/p - bat
Aim: a bat You throw a javelin.
The javelin hits the hobgoblin!
You kill the hobgoblin!
The bat hits you.
Throwing (i - inventory. (,) - cycle):
i - 4 javelins (quivered)
Press: ? - help, Shift-Dir - straight line, f/p - bat
Aim: a bat You throw a javelin.
The javelin hits the bat but does no damage.
The bat barely misses you. The bat hits you but does no damage.
The bat misses you.
Throwing (i - inventory. (,) - cycle):
i - 3 javelins (quivered)
Press: ? - help, Shift-Dir - straight line, f/p - bat
Aim: a bat You throw a javelin.
The javelin completely misses the bat.
The bat closely misses you.
Throwing (i - inventory. (,) - cycle):
i - 2 javelins (quivered)
Press: ? - help, Shift-Dir - straight line, f/p - bat
Aim: a bat You throw a javelin.
The javelin hits the bat!
You kill the bat!
i - 4 javelins (gained 3)
i - 6 javelins (gained 2)
You see here a bat corpse.
You butcher the bat corpse.
p - a chunk of flesh
q - a scroll labeled IWY NOLOINIPURCH
i - 7 javelins (gained 1)
A kobold comes into view.
You see here a javelin.
Throwing (i - inventory. (,) - cycle):
i - 7 javelins (quivered)
Press: ? - help, Shift-Dir - straight line, f - kobold
Aim: a kobold (resting)
You throw a javelin. The javelin hits the kobold!
You kill the kobold!
i - 7 javelins (gained 1)
There is a stone staircase leading down here.
Found a leather armour.
i - 8 javelins (gained 1)
There is a stone staircase leading down here.
You climb downwards.
There is a stone staircase leading up here.
Found 3 fruits.
A rat and Jessica come into view.
Throwing (i - inventory. (,) - cycle):
i - 8 javelins (quivered)
Press: ? - help, Shift-Dir - straight line, f - rat
Aim: a rat (resting)
You throw a javelin. The javelin closely misses Jessica.
The javelin hits the rat.
You kill the rat!
Jessica hits you but does no damage.
Throwing (i - inventory. (,) - cycle):
i - 7 javelins (quivered)
Press: ? - help, Shift-Dir - straight line, f - Jessica
Aim: Jessica, wielding a dagger and wearing a robe You throw a javelin.
The javelin closely misses Jessica.
Jessica hits you but does no damage.
Throwing (i - inventory. (,) - cycle):
i - 6 javelins (quivered)
Press: ? - help, Shift-Dir - straight line, f/p - Jessica
Aim: Jessica, wielding a dagger and wearing a robe You throw a javelin.
The javelin closely misses Jessica.
Jessica barely misses you.
Jessica points at you and mumbles some strange words.
Pain shoots through your body!
Throwing (i - inventory. (,) - cycle):
i - 5 javelins (quivered)
Press: ? - help, Shift-Dir - straight line, f/p - Jessica
Aim: Jessica, wielding a dagger and wearing a robe You throw a javelin.
The javelin hits Jessica.
Jessica is heavily wounded.
Jessica hits you with a dagger.
* * * LOW HITPOINT WARNING * * *
Throwing (i - inventory. (,) - cycle):
i - 4 javelins (quivered)
Press: ? - help, Shift-Dir - straight line, f/p - Jessica
Aim: Jessica, wielding a dagger and wearing a robe (heavily wounded)
You throw a javelin. The javelin hits Jessica.
Jessica is almost dead.
Jessica hits you with a dagger.
* * * LOW HITPOINT WARNING * * *
Jessica casts a spell at you. Pain shoots through your body!
You die...

### #..
#%# #.#
#.#
#.###.###
#.@.(....
#@#
#.######
#...<..#
#.####.#
#.# # #.#
#.# #.#
#.#


You could see Jessica.

Vanquished Creatures
  2 bats (D:1)
  A hobgoblin (D:1)
  A kobold (D:1)
  A rat (D:2)
5 creatures vanquished.

Notes
Turn   | Place    | Note
-------+----------+-------------------------------------------
     0 | D:1      | tidbits the Demigod Wanderer began the quest for the Orb.
     0 | D:1      | tidbits set off with: a book of Minor Magic, a potion of curing, a scroll of teleportation, a +0 robe, a +0 dagger, a bread ration
     0 | D:1      | Reached XP level 1. HP: 16/16 MP: 6/6
   209 | D:2      | Noticed Jessica
   214 | D:2      | Killed from afar by Jessica

Vault maps used:
D:1:      dpeg_arrival_water_temple_mockup
D:2:      uniq_jessica

Action                   || total
-------------------------++-------
Throw: Javelin           ||    13
Armor: Leather armour    ||     4
Dodge: Dodged            ||     9

Table legend:
 A = Spawn XP
 B = Non-spawn XP
 C = Spawn XP percentage of total XP
 D = Spawn monster count
 E = Non-spawn monster count
 F = Spawn count percentage of total count
 G = Total turns spent on level
                    A         B        C        D         E        F      G
               +---------+---------+-------+---------+---------+-------+---------
         Total |       0 |       7 |   0.0 |       0 |       5 |   0.0 |   214
               +---------+---------+-------+---------+---------+-------+---------
           D:1 |       0 |       6 |   0.0 |       0 |       4 |   0.0 |   205
           D:2 |       0 |       1 |   0.0 |       0 |       1 |   0.0 |     9
               +---------+---------+-------+---------+---------+-------+---------

Table legend:
 A = Turns spent in this place as a percentage of turns spent in the entire game.
 B = Non-inter-level travel turns spent in this place as a percentage of non-inter-level travel turns spent in the entire game.
 C = Inter-level travel turns spent in this place as a percentage of turns spent in this place.
 D = Turns resting spent in this place as a percentage of non-inter-level travel turns spent in this place.
 E = Turns spent auto-exploring this place as a percentage of non-inter-level travel turns spent in this place.
 F = Non-inter-level travel turns spent in this place divided by the number of levels of this place that you've seen.
                   A       B       C       D       E      F
               +-------+-------+-------+-------+-------+----------------------
         Total | 100.0 | 100.0 |   0.0 |   0.0 |   0.0 | 107.0
       Dungeon | 100.0 | 100.0 |   0.0 |   0.0 |   0.0 | 107.0
               +-------+-------+-------+-------+-------+----------------------

Table legend:
 A = Kills in this place as a percentage of kills in entire the game.
 B = Kills by you in this place as a percentage of kills by you in the entire game.
 C = Kills by friends in this place as a percentage of kills by friends in the entire game.
 D = Other kills in this place as a percentage of other kills in the entire game.
 E = Experience gained in this place as a percentage of experience gained in the entire game.
 F = Experience gained in this place divided by the number of levels of this place that you have seen.
                   A       B       C       D       E      F
               +-------+-------+-------+-------+-------+----------------------
         Total | 100.0 | 100.0 |   N/A |   N/A | 100.0 |   3.5
       Dungeon | 100.0 | 100.0 |   N/A |   N/A | 100.0 |   3.5
               +-------+-------+-------+-------+-------+----------------------

Vault maps used:
D:1:      dpeg_arrival_water_temple_mockup
D:2:      uniq_jessica
